 Dungeon Crawl Stone Soup version 0.27.0-1-g7a089689b8 (webtiles) character file.

Game seed: 16272716836222017521

22 Sin92 the Skirmisher (level 2, -13/24 HPs)
             Began as a Demonspawn Fighter on Aug 1, 2021.
             Mangled by an ogre (27 damage)
             ... on level 2 of the Dungeon.
             The game lasted 00:00:26 (507 turns).

Sin92 the Skirmisher (Demonspawn Fighter)            Turns: 507, Time: 00:00:26

Health: -13/24     AC: 12    Str: 16    XL:     2   Next: 68%
Magic:  2/2        EV:  7    Int:  9    God:
Gold:   23         SH:  8    Dex: 12    Spells: 1/1 levels left

rFire    . . .     SeeInvis .   a - +0 war axe
rCold    . . .     Faith    .   c - +0 kite shield
rNeg     . . .     Spirit   .   b - +0 scale mail
rPois    .         Reflect  .   (no helmet)
rElec    .         Harm     .   (no cloak)
rCorr    .         Rampage  .   (no gloves)
Will     .....                  (no boots)
Stlth    ..........             (no amulet)
HPRegen  0.08/turn              (no ring)
MPRegen  0.08/turn              (no ring)

@: mighty, sanguine armoured
A: sanguine armour 1
a: no special abilities


You were on level 2 of the Dungeon.
You visited 1 branch of the dungeon, and saw 2 of its levels.

You collected 23 gold pieces.

Inventory:

Hand Weapons
 a - a +0 war axe (weapon)
Armour
 b - a +0 scale mail (worn)
 c - a +0 kite shield (worn)
Jewellery
 f - a +4 ring of protection
Scrolls
 e - a scroll of magic mapping {unknown}
 g - a scroll of identify {unknown}


   Skills:
 + Level 3.2 Fighting
 * Level 2.2 Axes
 + Level 2.8 Armour
 + Level 0.6 Dodging
 + Level 2.8 Shields


You had one spell level left.
You didn't know any spells.
Your spell library was empty.

Dungeon Overview and Level Annotations

Branches:
Dungeon (1/15)

Altars:


Innate Abilities, Weirdness & Mutations

When seriously injured, your bleeding wounds create armour. (AC +6)


Message History

Unknown command.
You barely miss the adder. The adder bites you.
The rat twitches its whiskers.
The adder barely misses you.
There are monsters nearby!
You slash the adder!
The adder is severely wounded.
The adder closely misses you. You block the adder's attack.
Unknown command.
There are monsters nearby!
You hit the adder.
You kill the adder!
The hobgoblin barely misses you.
Unknown command.
There are monsters nearby!
You barely miss the hobgoblin. You block the hobgoblin's attack.
Unknown command.
There are monsters nearby!
You hit the hobgoblin.
The hobgoblin is moderately wounded.
The hobgoblin closely misses you. You block the hobgoblin's attack.
Unknown command.
There are monsters nearby!
Your scale mail prevents you from hitting the hobgoblin.
The hobgoblin is moderately wounded.
You block the hobgoblin's attack.
The hobgoblin hits you but does no damage.
Unknown command.
There are monsters nearby!
You hit the hobgoblin.
You kill the hobgoblin!
Unknown command.
There are monsters nearby!
You feel very mighty all of a sudden.
The ogre hits you with a +0 giant spiked club.
Your blood congeals into armour.
You barely miss the ogre.
The ogre hits you with a +0 giant spiked club!!
Ouch! That really hurt!
You die...

.##..##.####.###.
#.#+...#....#........#.
......#....#.#########
#..#####g.##.# #
#.##.###J##..#########
#.#$r.rS#####.#.......
#.##g###SKS.##........
#..#O#.#gw.[)#........
#...@.#rg.)?#........
####..#.:...#.####.##
########..##().##.# #.#
.........#.#####.## #.#
..^......##.....######.##
................#......#.
........#########.####.#.
######### ..........
..........


You could see an ogre, 2 adders, a dart slug, an endoplasm, a hobgoblin, 3
goblins, a ball python, a kobold and 3 rats.

Vanquished Creatures
  2 adders (D:2)
  A hobgoblin (D:2)
  A ball python (D:2)
  A frilled lizard (D:2)
  2 rats (D:2)
7 creatures vanquished.

Notes
Turn   | Place    | Note
-------+----------+-------------------------------------------
     0 | D:1      | Sin92 the Demonspawn Fighter began the quest for the Orb.
     0 | D:1      | Reached XP level 1. HP: 18/18 MP: 1/1
     2 | D:1      | You fall into a shaft and drop 1 floor!
    14 | D:2      | Gained mutation: When seriously injured, your bleeding
                  | wounds create armour. (AC +6) [demonic ancestry]
    14 | D:2      | Reached XP level 2. HP: 6/24 MP: 2/2
   454 | D:2      | Noticed an ogre
   507 | D:2      | Mangled by an ogre

Illustrated notes

Levels and vault maps discovered:
D:1:      onia_arrival_pyramid, layout_basic, serial_shops, shop,
          shapermc_ecumenical_altar_hornbeckon
D:2:      layout_basic, serial_shops, shop_statue, minmay_joined_circles

Skill      XL: |  1 |
---------------+----+-----
Axes           | 2 |  2.2
Fighting       | |  3.2
Armour         | |  2.8
Dodging        | |  0.6
Shields        | |  2.8

Action                   || total
-------------------------++-------
Melee: War axe           ||    28
  Use: Potion            ||     1
Armor: Scale mail        ||    12
Dodge: Dodged            ||    16
Block: Kite shield       ||    13
